Chicago Wolves vs Boisbriand Armada

Created - 20 décembre 2021 at 15:37

Goals
1 2 3 T
Chicago Wolves 0 1 1 2
Boisbriand Armada 5 4 1 10
Shots
1 2 3 T
Chicago Wolves 10 11 16 37
Boisbriand Armada 16 12 18 46

1st period

1. Boisbriand Armada , Pavel Gogolev 8 (Dylan Gambrell 19) at 0:04
2. Boisbriand Armada , Dylan Gambrell 19 (Darren Raddysh 6, Pavel Gogolev 26) at 9:40
3. Boisbriand Armada , Pavel Gogolev 9 (Dylan Gambrell 20) at 11:37 (PP)
4. Boisbriand Armada , Otto Koivula 3 (Morgan Frost 8) at 17:46
5. Boisbriand Armada , Peyton Krebs 18 (Xavier Ouellet 9) at 18:19

Penalties :
Hudson Fasching (WOL) for Slashing (Minor) at 11:36

2nd period

6. Boisbriand Armada , Morgan Frost 6 (Casey Fitzgerald 4, Anthony Richard 5) at 0:57
7. Chicago Wolves , Mitchell Stephens 6 (Vitaly Kravtsov 19) at 1:38
8. Boisbriand Armada , Morgan Frost 7 (Anthony Richard 6) at 9:30
9. Boisbriand Armada , Julien Gauthier 13 (Pavel Gogolev 27, Dylan Gambrell 21) at 12:10 (PP)
10. Boisbriand Armada , Morgan Frost 8 (Darren Raddysh 7, Anthony Richard 7) at 13:37

Penalties :
Peyton Krebs (ARM) for Fighting (Major) at 1:32, Adam Helewka (WOL) for Fighting (Major) at 1:32, Xavier Ouellet (ARM) for Fighting (Major) at 9:37, Adam Johnson (WOL) for Fighting (Major) at 9:37, Josh Brook (WOL) for Cross-checking (Minor) at 12:00

3rd period

11. Chicago Wolves , Vitaly Kravtsov 10 (Calle Rosen 1, Mitchell Stephens 6) at 8:39
12. Boisbriand Armada , Morgan Frost 9 (Mason Primeau 1) at 18:25

Penalties :
Josh Melnick (ARM) for Fighting (Major) at 5:17, Adam Johnson (WOL) for Fighting (Major) at 5:17, Darren Raddysh (ARM) for Fighting (Major) at 8:33, Josh Brook (WOL) for Fighting (Major) at 8:33, Morgan Frost (ARM) for Hooking (Minor) at 9:35, Casey Fitzgerald (ARM) for Fighting (Major) at 12:26, Kevin Czuczman (WOL) for Fighting (Major) at 12:26, Xavier Ouellet (ARM) for Fighting (Major) at 13:11, Mitchell Stephens (WOL) for Fighting (Major) at 13:11, Xavier Ouellet (ARM) for instigated a fight (Minor) at 13:11, Xavier Ouellet (ARM) for instigated a fight (10 Minutes Misconduct) at 13:11, Ian McCoshen (WOL) for Tripping (Minor) at 16:20

Goalie Stats

Kyle Keyser (WOL), 27 saves from 33 shots - (0,818), L, 2-9-4, 45:36 minutes
Unknown Goalie (WOL), 9 saves from 13 shots - (0,692), 14:24 minutes
Michael DiPietro (ARM), 35 saves from 37 shots - (0,946), W, 14-7-0, 60:00 minutes

Players Stats for Chicago Wolves

Player Name              G  A  P  +/- PIM S  H  SB GA TA FO     MP     PP MP  PK MP  
------------------------------------------------------------------------------------
Adam Helewka             0  0  0  -1  5   3  2  1  2  0  1/1    15:37   1:37   0:18 
Adam Johnson             0  0  0  -3  10  2  2  1  0  2  0/2    17:56   1:49   0:47 
Andrew Oglevie           0  0  0  -1  0   0  1  0  1  1  1/1    12:24   0:00   0:54 
Buddy Robinson           0  0  0  -1  0   3  1  2  0  1  0/1    17:08   1:37   0:00 
Calle Rosen              0  1  1  -3  0   5  1  3  1  0  0/0    23:55   2:30   1:01 
Cavan Fitzgerald         0  0  0  -3  0   0  1  0  0  1  0/0    12:40   0:00   0:00 
Cody McLeod              0  0  0   0  0   0  2  0  0  0  1/2     3:54   0:06   0:44 
Cole Smith               0  0  0  -1  0   0  1  0  0  0  1/1     8:33   0:00   0:00 
Daniel Carr              0  0  0  -1  0   1  0  2  1  0  0/0    10:48   0:00   0:00 
Doyle Somerby            0  0  0  -3  0   2  1  2  0  3  0/0    28:17   2:30   1:01 
Hudson Fasching          0  0  0  -1  2   3  0  0  0  0  0/0     8:32   0:00   0:00 
Ian McCoshen             0  0  0   0  2   1  0  0  0  0  0/0     5:51   0:22   0:00 
Josh Brook               0  0  0   0  7   0  0  1  0  1  0/0    17:33   0:45   1:09 
Kevin Czuczman           0  0  0  -3  5   0  3  2  0  3  0/0    12:44   0:21   0:01 
Mitchell Stephens        1  1  2  -4  5   4  2  0  0  0  14/37  25:49   1:10   0:20 
Simon Benoit             0  0  0   0  0   0  2  0  0  1  0/0    18:59   1:28   1:09 
Tyson Foerster           0  0  0  -2  0   5  0  0  0  0  9/21   24:04   1:37   1:08 
Vitaly Kravtsov          1  1  2  -3  0   6  1  0  1  0  0/1    21:19   2:21   0:00 
William Lockwood         0  0  0   0  0   2  0  0  0  0  3/6    11:42   1:37   0:12 

Players Stats for Boisbriand Armada

Player Name              G  A  P  +/- PIM S  H  SB GA TA FO     MP     PP MP  PK MP  
------------------------------------------------------------------------------------
Anthony Richard          0  3  3   4  0   4  2  0  1  1  0/0    15:34   0:00   0:51 
Casey Fitzgerald         0  1  1   3  5   1  0  0  0  0  0/0    12:36   0:12   0:42 
Darren Raddysh           0  2  2   3  5   0  4  1  1  1  0/0    19:04   0:53   1:22 
Dominik Bokk             0  0  0   1  0   2  5  0  1  0  1/3    17:37   0:59   0:00 
Donovan Sebrango         0  0  0   3  0   0  1  0  0  0  0/0    18:57   1:21   0:57 
Dylan Gambrell           1  3  4   0  0   7  3  2  2  0  24/36  25:32   1:04   2:33 
Henry Bowlby             0  0  0   0  0   0  1  0  0  0  2/3     6:43   0:00   0:00 
Josh Melnick             0  0  0   1  5   0  2  0  0  1  0/0    16:21   0:59   0:07 
Julien Gauthier          1  0  1   0  0   6  2  0  1  0  2/4    17:33   1:04   0:47 
Mason Primeau            0  1  1   1  0   0  0  0  0  0  3/3     4:16   0:13   0:00 
Morgan Frost             4  1  5   5  2   9  1  0  2  0  6/12   14:23   0:07   0:00 
Otto Koivula             1  0  1   5  0   5  1  0  1  0  0/0    13:55   0:07   0:00 
Pavel Gogolev            2  2  4   0  0   3  1  0  1  0  0/2    19:42   0:58   2:30 
Peyton Krebs             1  0  1   1  5   3  3  0  2  1  5/10   17:47   0:59   1:15 
Pierre-Olivier Joseph    0  0  0   0  0   1  1  3  0  1  0/0    28:21   1:05   2:48 
Wes Michaud              0  0  0   0  0   0  1  0  0  1  0/0     6:43   0:00   0:00 
Wyatte Wylie             0  0  0   3  0   1  0  2  0  0  0/0    19:41   0:48   1:10 
Xavier Ouellet           0  1  1   0  22  4  1  0  1  0  0/0    21:25   0:01   1:05 

3 Stars

1 - Morgan Frost (ARM)
2 - Pavel Gogolev (ARM)
3 - Dylan Gambrell (ARM)

Power Play

Chicago Wolves - 0 on 2 Attempt(s) - 0,00%
Boisbriand Armada - 2 on 3 Attempt(s) - 66,67%

Penalty Kill

Chicago Wolves - 1 on 3 Attempt(s) - 33,33% - Score 0 goal in Penalty Kill
Boisbriand Armada - 2 on 2 Attempt(s) - 100,00% - Score 0 goal in Penalty Kill

Team Stat

Chicago Wolves - Hits : 20 - Faceoff Wins : 30 - Blocked Shots : 14 - Penalty Minutes : 36
Boisbriand Armada - Hits : 29 - Faceoff Wins : 43 - Blocked Shots : 8 - Penalty Minutes : 44

Official

Referees : Sean MacFarlane and Gord Dwyer
Linesman : Ryan Daisy and Trent Knorr

Game Notes

Unknown Goalie enters game at 17:46 of 1st period
Peyton Krebs beats up Adam Helewka at 1:32 of 2nd period
Xavier Ouellet and Adam Johnson fight to a draw at 9:37 of 2nd period
Kyle Keyser enters game at 12:10 of 2nd period
Morgan Frost has scored a Hat Trick!
Josh Melnick and Adam Johnson fight to a draw at 5:17 of 3rd period
Darren Raddysh and Josh Brook fight to a draw at 8:33 of 3rd period
Casey Fitzgerald and Kevin Czuczman fight to a draw at 12:26 of 3rd period
Xavier Ouellet and Mitchell Stephens fight to a draw at 13:11 of 3rd period

Finance

Level 1 -- Attendance: 1501 (75,05%) -- Ticket Income 52 535 $
Level 2 -- Attendance: 723 (72,30%) -- Ticket Income 10 845 $
Total Attendance: 2224 (74,13%)
Total Ticket Income: 63 380 $
Other Income: 31 056 $
Total Income: 94 436 $

Chicago Wolves

5 vs 5 Forward 
   Center                   Left Wing                Right Wing               Time % Phy DF OF 
 1 Mitchell Stephens        Adam Johnson             Vitaly Kravtsov          40     1   2  2  
 2 Tyson Foerster           Adam Helewka             Buddy Robinson           30     1   2  2  
 3 Mitchell Stephens        Daniel Carr              Andrew Oglevie           20     1   2  2  
 4 Tyson Foerster           Cole Smith               Hudson Fasching          10     1   2  2  

5 vs 5 Defense 
   Defense                  Defense                                           Time % Phy DF OF 
 1 Doyle Somerby            Calle Rosen                                       40     1   2  2  
 2 Simon Benoit             Josh Brook                                        30     1   2  2  
 3 Kevin Czuczman           Cavan Fitzgerald                                  20     1   2  2  
 4 Ian McCoshen             Doyle Somerby                                     10     1   2  2  

PowerPlay Forward 
   Center                   Left Wing                Right Wing               Time % Phy DF OF 
 1 Mitchell Stephens        Adam Johnson             Vitaly Kravtsov          60     1   2  2  
 2 Tyson Foerster           Adam Helewka             Buddy Robinson           40     1   2  2  

PowerPlay Defense
   Defense                  Defense                                           Time % Phy DF OF 
 1 Doyle Somerby            Calle Rosen                                       60     1   2  2  
 2 Simon Benoit             Josh Brook                                        40     1   2  2  

Penalty Kill 4 Players Forward 
   Center                   Wing                     Time % Phy DF OF 
 1 Mitchell Stephens        Tyson Foerster           60     1   2  2  
 2 Adam Johnson             Adam Helewka             40     1   2  2  

Penalty Kill 4 Players Defense
   Defense                  Defense                  Time % Phy DF OF 
 1 Doyle Somerby            Calle Rosen              60     1   2  2  
 2 Simon Benoit             Josh Brook               40     1   2  2  

Penalty Kill - 3 Players Forward 
   Forward                                           Time % Phy DF OF 
 1 Mitchell Stephens                                 60     1   2  2  
 2 Tyson Foerster                                    40     1   2  2  

Penalty Kill - 3 Players Defense
   Defense                  Defense                  Time % Phy DF OF 
 1 Doyle Somerby            Calle Rosen              60     1   2  2  
 2 Simon Benoit             Josh Brook               40     1   2  2  

4 vs 4 Forward 
   Center                   Wing                     Time % Phy DF OF 
 1 Mitchell Stephens        Tyson Foerster           60     1   2  2  
 2 Adam Johnson             Adam Helewka             40     1   2  2  

4 vs 4 Defense
   Defense                  Defense                  Time % Phy DF OF 
 1 Doyle Somerby            Calle Rosen              60     1   2  2  
 2 Simon Benoit             Josh Brook               40     1   2  2  

Last Minutes Offensive
   Center                   Left Wing                Right Wing               Defense                  Defense                  
   Mitchell Stephens        Adam Johnson             Vitaly Kravtsov          Doyle Somerby            Calle Rosen              

Last Minutes Defensive
   Center                   Left Wing                Right Wing               Defense                  Defense                  
   Mitchell Stephens        Adam Johnson             Vitaly Kravtsov          Doyle Somerby            Calle Rosen              

Goaltenders
Starting : Kyle Keyser              
Backup : Unknown Goalie           

Extra Forwards
Normal : William Lockwood, Cody McLeod, Andrew Oglevie - PP : William Lockwood, Cody McLeod - PK : Andrew Oglevie
Extra Defensemen
Normal : Kevin Czuczman, Cavan Fitzgerald, Ian McCoshen - PP : Kevin Czuczman - PK : Cavan Fitzgerald, Ian McCoshen
Penalty Shots
Mitchell Stephens, Tyson Foerster, Adam Johnson, Adam Helewka, Vitaly Kravtsov

Scratches
Brett Gallant (Healthy), Linus Hogberg (Healthy), Oskari Laaksonen (Healthy), Michael McNiven (Exhaustion), Devin Cooley (Healthy)

Boisbriand Armada

5 vs 5 Forward 
   Center                   Left Wing                Right Wing               Time % Phy DF OF 
 1 Dylan Gambrell           Pavel Gogolev            Julien Gauthier          40     1   2  2  
 2 Peyton Krebs             Dominik Bokk             Josh Melnick             30     1   2  2  
 3 Morgan Frost             Anthony Richard          Otto Koivula             20     1   2  2  
 4 Henry Bowlby             Wes Michaud              Dylan Gambrell           10     1   2  2  

5 vs 5 Defense 
   Defense                  Defense                                           Time % Phy DF OF 
 1 Pierre-Olivier Joseph    Xavier Ouellet                                    40     1   2  2  
 2 Darren Raddysh           Wyatte Wylie                                      30     1   2  2  
 3 Donovan Sebrango         Casey Fitzgerald                                  20     1   2  2  
 4 Pierre-Olivier Joseph    Xavier Ouellet                                    10     1   2  2  

PowerPlay Forward 
   Center                   Left Wing                Right Wing               Time % Phy DF OF 
 1 Dylan Gambrell           Pavel Gogolev            Julien Gauthier          60     1   2  2  
 2 Peyton Krebs             Dominik Bokk             Josh Melnick             40     1   2  2  

PowerPlay Defense
   Defense                  Defense                                           Time % Phy DF OF 
 1 Pierre-Olivier Joseph    Xavier Ouellet                                    60     1   2  2  
 2 Darren Raddysh           Wyatte Wylie                                      40     1   2  2  

Penalty Kill 4 Players Forward 
   Center                   Wing                     Time % Phy DF OF 
 1 Dylan Gambrell           Pavel Gogolev            60     1   2  2  
 2 Julien Gauthier          Peyton Krebs             40     1   2  2  

Penalty Kill 4 Players Defense
   Defense                  Defense                  Time % Phy DF OF 
 1 Pierre-Olivier Joseph    Xavier Ouellet           60     1   2  2  
 2 Darren Raddysh           Wyatte Wylie             40     1   2  2  

Penalty Kill - 3 Players Forward 
   Forward                                           Time % Phy DF OF 
 1 Dylan Gambrell                                    60     1   2  2  
 2 Pavel Gogolev                                     40     1   2  2  

Penalty Kill - 3 Players Defense
   Defense                  Defense                  Time % Phy DF OF 
 1 Pierre-Olivier Joseph    Xavier Ouellet           60     1   2  2  
 2 Darren Raddysh           Wyatte Wylie             40     1   2  2  

4 vs 4 Forward 
   Center                   Wing                     Time % Phy DF OF 
 1 Dylan Gambrell           Pavel Gogolev            60     1   2  2  
 2 Julien Gauthier          Peyton Krebs             40     1   2  2  

4 vs 4 Defense
   Defense                  Defense                  Time % Phy DF OF 
 1 Pierre-Olivier Joseph    Xavier Ouellet           60     1   2  2  
 2 Darren Raddysh           Wyatte Wylie             40     1   2  2  

Last Minutes Offensive
   Center                   Left Wing                Right Wing               Defense                  Defense                  
   Dylan Gambrell           Pavel Gogolev            Julien Gauthier          Pierre-Olivier Joseph    Xavier Ouellet           

Last Minutes Defensive
   Center                   Left Wing                Right Wing               Defense                  Defense                  
   Dylan Gambrell           Pavel Gogolev            Julien Gauthier          Pierre-Olivier Joseph    Xavier Ouellet           

Goaltenders
Starting : Michael DiPietro         
Backup : Hunter Jones             

Extra Forwards
Normal : Mason Primeau, Morgan Frost, Anthony Richard - PP : Mason Primeau, Morgan Frost - PK : Anthony Richard
Extra Defensemen
Normal : Donovan Sebrango, Casey Fitzgerald, Darren Raddysh - PP : Donovan Sebrango - PK : Casey Fitzgerald, Darren Raddysh
Penalty Shots
Dylan Gambrell, Pavel Gogolev, Julien Gauthier, Peyton Krebs, Morgan Frost

Scratches
Nolan Patrick (Healthy), Cameron Hebig (Healthy), Gabriel Gagne (Healthy), Jeremy Roy (Healthy), Jakob Stukel (Healthy)
Nikolas Brouillard (Healthy), Olivier Rodrigue (Healthy), Veini Vehvilainen (Healthy)

% Time on Ice - Chicago Wolves

Lines # - Real PCT - Wanted PCT - Time Play
Normal Forward
1 - 35% - 40% - 19:00
2 - 29% - 30% - 15:31
3 - 20% - 20% - 10:48
4 - 16% - 10% - 8:33
Normal Defense
1 - 38% - 40% - 20:24
2 - 30% - 30% - 16:22
3 - 23% - 20% - 12:23
4 - 9% - 10% - 4:43
PP Forward
1 - 59% - 60% - 2:21
2 - 41% - 40% - 1:37
PP Defense
1 - 63% - 60% - 2:30
2 - 37% - 40% - 1:28
PK Forward
1 - 100% - 60% - 2:10
2 - 0% - 40% - 0:00
PK Defense
1 - 47% - 60% - 1:01
2 - 53% - 40% - 1:09
PK3 Forward
1 - 0% - 60%
2 - 0% - 40%
PK3 Defense
1 - 0% - 60%
2 - 0% - 40%
44 Forward
1 - 0% - 60%
2 - 0% - 40%
44 Defense
1 - 0% - 60%
2 - 0% - 40%
Last Minute Offensive  - 0:00
Last Minute Defensive  - 0:00
Total
Forward - 60:00
Defense - 60:00

% Time on Ice - Boisbriand Armada

Lines # - Real PCT - Wanted PCT - Time Play
Normal Forward
1 - 31% - 40% - 16:49
2 - 31% - 30% - 16:38
3 - 25% - 20% - 13:42
4 - 12% - 10% - 6:43
Normal Defense
1 - 39% - 40% - 21:08
2 - 32% - 30% - 17:06
3 - 22% - 20% - 11:44
4 - 7% - 10% - 3:54
PP Forward
1 - 55% - 60% - 1:11
2 - 45% - 40% - 0:59
PP Defense
1 - 72% - 60% - 1:34
2 - 28% - 40% - 0:36
PK Forward
1 - 80% - 60% - 3:11
2 - 20% - 40% - 0:47
PK Defense
1 - 77% - 60% - 3:04
2 - 23% - 40% - 0:54
PK3 Forward
1 - 0% - 60%
2 - 0% - 40%
PK3 Defense
1 - 0% - 60%
2 - 0% - 40%
44 Forward
1 - 0% - 60%
2 - 0% - 40%
44 Defense
1 - 0% - 60%
2 - 0% - 40%
Last Minute Offensive  - 0:00
Last Minute Defensive  - 0:00
Total
Forward - 60:00
Defense - 60:00

Play-by-Play

1st period


0:01 of 1st period - Dylan Gambrell wins face-off versus Mitchell Stephens in neutral zone.
0:04 of 1st period - Snap shot by Pavel Gogolev.
0:04 of 1st period - Goal by Pavel Gogolev - Chicago Wolves : 0 - Boisbriand Armada : 1.
0:05 of 1st period - Dominik Bokk wins face-off versus Tyson Foerster in neutral zone.
0:32 of 1st period - Wyatte Wylie is hit by Simon Benoit and loses puck.
0:46 of 1st period - Icing by Dylan Gambrell.
0:47 of 1st period - Mitchell Stephens wins face-off versus Dylan Gambrell in Boisbriand Armada zone.
0:48 of 1st period - Snap shot by Adam Johnson.
0:48 of 1st period - Deflect By Pavel Gogolev.
0:48 of 1st period - Shot Misses the Net.
0:48 of 1st period - Puck is out of play.
0:49 of 1st period - Cole Smith wins face-off versus Morgan Frost in Boisbriand Armada zone.
0:52 of 1st period - Wrist shot by Tyson Foerster.
0:52 of 1st period - Shot Misses the Net.
2:18 of 1st period - Cole Smith is hit by Peyton Krebs and loses puck.
2:49 of 1st period - Xavier Ouellet is hit by Adam Helewka and loses puck.
2:58 of 1st period - Snap shot by Buddy Robinson.
2:58 of 1st period - Shot Misses the Net.
3:28 of 1st period - Snap shot by Tyson Foerster.
3:28 of 1st period - Shot Misses the Net.
4:13 of 1st period - Off-side.
4:14 of 1st period - Tyson Foerster wins face-off versus Morgan Frost in neutral zone.
4:49 of 1st period - Tyson Foerster is hit by Darren Raddysh.
4:53 of 1st period - Josh Brook is hit by Dominik Bokk and loses puck.
6:34 of 1st period - Wrist shot by Tyson Foerster.
6:34 of 1st period - Stopped by Michael DiPietro with a rebound.
6:58 of 1st period - Daniel Carr is hit by Wes Michaud and loses puck.
8:10 of 1st period - Snap shot by Hudson Fasching.
8:10 of 1st period - Shot Misses the Net.
8:12 of 1st period - Backhand shot by Calle Rosen.
8:12 of 1st period - Stopped by Michael DiPietro with a rebound.
8:14 of 1st period - Slapshot by Calle Rosen.
8:14 of 1st period - Shot Misses the Net.
8:16 of 1st period - Slapshot by Ian McCoshen.
8:16 of 1st period - Stopped by Michael DiPietro without a rebound.
8:17 of 1st period - Peyton Krebs wins face-off versus Mitchell Stephens in Boisbriand Armada zone.
8:32 of 1st period - Vitaly Kravtsov is hit by Dominik Bokk and loses puck.
8:47 of 1st period - Daniel Carr is hit by Julien Gauthier and loses puck.
9:02 of 1st period - Snap shot by Morgan Frost.
9:02 of 1st period - Stopped by Kyle Keyser without a rebound.
9:03 of 1st period - Morgan Frost wins face-off versus Mitchell Stephens in Chicago Wolves zone.
9:20 of 1st period - Wrist shot by Dylan Gambrell.
9:20 of 1st period - Stopped by Kyle Keyser with a rebound.
9:22 of 1st period - Wrist shot by Pavel Gogolev.
9:22 of 1st period - Shot Misses the Net.
9:24 of 1st period - Wrist shot by Julien Gauthier.
9:24 of 1st period - Shot Misses the Net.
9:26 of 1st period - Snap shot by Pavel Gogolev.
9:26 of 1st period - Shot Misses the Net.
9:28 of 1st period - Backhand shot by Dylan Gambrell.
9:28 of 1st period - Shot Misses the Net.
9:30 of 1st period - Snap shot by Julien Gauthier.
9:30 of 1st period - Stopped by Kyle Keyser without a rebound.
9:31 of 1st period - Mitchell Stephens wins face-off versus Julien Gauthier in Chicago Wolves zone.
9:36 of 1st period - Snap shot by Dylan Gambrell.
9:36 of 1st period - Shot Misses the Net.
9:40 of 1st period - Slapshot by Dylan Gambrell.
9:40 of 1st period - Goal by Dylan Gambrell - Chicago Wolves : 0 - Boisbriand Armada : 2.
9:41 of 1st period - Julien Gauthier wins face-off versus Mitchell Stephens in neutral zone.
10:50 of 1st period - Snap shot by Mitchell Stephens.
10:50 of 1st period - Shot Blocked by Dylan Gambrell.
11:16 of 1st period - Dominik Bokk is hit by Doyle Somerby and loses puck.
11:31 of 1st period - Slapshot by Anthony Richard.
11:31 of 1st period - Deflect By Morgan Frost.
11:31 of 1st period - Stopped by Kyle Keyser without a rebound.
11:32 of 1st period - Morgan Frost wins face-off versus Tyson Foerster in Chicago Wolves zone.
11:36 of 1st period - Minor Penalty to Hudson Fasching for Slashing.
11:37 of 1st period - Dylan Gambrell wins face-off versus Tyson Foerster in Chicago Wolves zone.
11:37 of 1st period - Wrist shot by Pavel Gogolev.
11:37 of 1st period - Goal by Pavel Gogolev - Chicago Wolves : 0 - Boisbriand Armada : 3.
11:38 of 1st period - Mitchell Stephens wins face-off versus Pavel Gogolev in neutral zone.
12:16 of 1st period - Snap shot by Buddy Robinson.
12:16 of 1st period - Deflect By Anthony Richard.
12:16 of 1st period - Shot Misses the Net.
12:16 of 1st period - Puck is out of play.
12:17 of 1st period - Mitchell Stephens wins face-off versus Morgan Frost in Boisbriand Armada zone.
12:18 of 1st period - Slapshot by Adam Johnson.
12:18 of 1st period - Stopped by Michael DiPietro with a rebound.
12:20 of 1st period - Slapshot by Doyle Somerby.
12:20 of 1st period - Stopped by Michael DiPietro without a rebound.
12:21 of 1st period - Mitchell Stephens wins face-off versus Morgan Frost in Boisbriand Armada zone.
12:48 of 1st period - Slapshot by Pavel Gogolev.
12:48 of 1st period - Shot Blocked by Calle Rosen.
12:56 of 1st period - Wrist shot by Julien Gauthier.
12:56 of 1st period - Stopped by Kyle Keyser with a rebound.
12:58 of 1st period - Wrist shot by Julien Gauthier.
12:58 of 1st period - Stopped by Kyle Keyser with a rebound.
13:08 of 1st period - Peyton Krebs is hit by Andrew Oglevie and loses puck.
13:25 of 1st period - Tyson Foerster is hit by Henry Bowlby and loses puck.
13:32 of 1st period - Wrist shot by Dylan Gambrell.
13:32 of 1st period - Stopped by Kyle Keyser with a rebound.
13:42 of 1st period - Casey Fitzgerald is hit by Mitchell Stephens and loses puck.
13:56 of 1st period - Off-side.
13:57 of 1st period - Dylan Gambrell wins face-off versus Mitchell Stephens in neutral zone.
14:02 of 1st period - Mitchell Stephens is hit by Xavier Ouellet and loses puck.
14:19 of 1st period - Icing by Tyson Foerster.
14:20 of 1st period - Tyson Foerster wins face-off versus Peyton Krebs in Chicago Wolves zone.
15:51 of 1st period - Wrist shot by Anthony Richard.
15:51 of 1st period - Deflect By Morgan Frost.
15:51 of 1st period - Shot Misses the Net.
15:51 of 1st period - Puck is out of play.
15:52 of 1st period - Tyson Foerster wins face-off versus Dominik Bokk in Chicago Wolves zone.
15:57 of 1st period - Wrist shot by Tyson Foerster.
15:57 of 1st period - Stopped by Michael DiPietro with a rebound.
15:59 of 1st period - Wrist shot by Adam Helewka.
15:59 of 1st period - Stopped by Michael DiPietro with a rebound.
16:01 of 1st period - Snap shot by Buddy Robinson.
16:01 of 1st period - Stopped by Michael DiPietro with a rebound.
16:03 of 1st period - Snap shot by Buddy Robinson.
16:03 of 1st period - Stopped by Michael DiPietro with a rebound.
16:39 of 1st period - Wrist shot by Morgan Frost.
16:39 of 1st period - Stopped by Kyle Keyser without a rebound.
16:40 of 1st period - Morgan Frost wins face-off versus Tyson Foerster in Chicago Wolves zone.
17:05 of 1st period - Slapshot by Pavel Gogolev.
17:05 of 1st period - Deflect By Julien Gauthier.
17:05 of 1st period - Shot Misses the Net.
17:05 of 1st period - Puck is out of play.
17:06 of 1st period - Dylan Gambrell wins face-off versus Mitchell Stephens in Chicago Wolves zone.
17:13 of 1st period - Snap shot by Dylan Gambrell.
17:13 of 1st period - Stopped by Kyle Keyser with a rebound.
17:46 of 1st period - Snap shot by Otto Koivula.
17:46 of 1st period - Goal by Otto Koivula - Chicago Wolves : 0 - Boisbriand Armada : 4.
17:46 of 1st period - Unknown Goalie enters game.
17:47 of 1st period - Dylan Gambrell wins face-off versus Mitchell Stephens in neutral zone.
17:53 of 1st period - Icing by Doyle Somerby.
17:54 of 1st period - Dylan Gambrell wins face-off versus Mitchell Stephens in Chicago Wolves zone.
18:19 of 1st period - Wrist shot by Peyton Krebs.
18:19 of 1st period - Goal by Peyton Krebs - Chicago Wolves : 0 - Boisbriand Armada : 5.
18:20 of 1st period - Dylan Gambrell wins face-off versus Mitchell Stephens in neutral zone.
18:25 of 1st period - Wrist shot by Dylan Gambrell.
18:25 of 1st period - Stopped by Unknown Goalie with a rebound.
18:27 of 1st period - Slapshot by Pierre-Olivier Joseph.
18:27 of 1st period - Stopped by Unknown Goalie with a rebound.
18:29 of 1st period - Snap shot by Dylan Gambrell.
18:29 of 1st period - Shot Misses the Net.
18:49 of 1st period - Snap shot by Tyson Foerster.
18:49 of 1st period - Shot Misses the Net.
18:55 of 1st period - Snap shot by Adam Helewka.
18:55 of 1st period - Stopped by Michael DiPietro without a rebound.
18:56 of 1st period - Julien Gauthier wins face-off versus Tyson Foerster in Boisbriand Armada zone.
18:56 of 1st period - Julien Gauthier is hit by Adam Helewka.
19:02 of 1st period - Buddy Robinson is hit by Dylan Gambrell and loses puck.
19:09 of 1st period - Wrist shot by Julien Gauthier.
19:09 of 1st period - Shot Misses the Net.
19:19 of 1st period - Adam Helewka is hit by Darren Raddysh and loses puck.
19:30 of 1st period - Wrist shot by Morgan Frost.
19:30 of 1st period - Shot Misses the Net.
19:32 of 1st period - Wrist shot by Casey Fitzgerald.
19:32 of 1st period - Shot Misses the Net.
Goals for this period are 0 for Chicago Wolves vs 5 for Boisbriand Armada.
Shots for this period are 10 for Chicago Wolves vs 16 for Boisbriand Armada.

2nd period


0:01 of 2nd period - Dylan Gambrell wins face-off versus Mitchell Stephens in neutral zone.
0:26 of 2nd period - Adam Helewka is hit by Josh Melnick and loses puck.
0:33 of 2nd period - Slapshot by Dominik Bokk.
0:33 of 2nd period - Stopped by Unknown Goalie with a rebound.
0:49 of 2nd period - Snap shot by Otto Koivula.
0:49 of 2nd period - Stopped by Unknown Goalie with a rebound.
0:51 of 2nd period - Snap shot by Morgan Frost.
0:51 of 2nd period - Shot Blocked by Daniel Carr.
0:53 of 2nd period - Wrist shot by Anthony Richard.
0:53 of 2nd period - Stopped by Unknown Goalie with a rebound.
0:55 of 2nd period - Slapshot by Casey Fitzgerald.
0:55 of 2nd period - Stopped by Unknown Goalie with a rebound.
0:57 of 2nd period - Snap shot by Morgan Frost.
0:57 of 2nd period - Goal by Morgan Frost - Chicago Wolves : 0 - Boisbriand Armada : 6.
0:58 of 2nd period - Dylan Gambrell wins face-off versus Mitchell Stephens in neutral zone.
1:07 of 2nd period - Wrist shot by Dylan Gambrell.
1:07 of 2nd period - Stopped by Unknown Goalie with a rebound.
1:32 of 2nd period - Peyton Krebs beats up Adam Helewka.
1:32 of 2nd period - Penalty to Peyton Krebs for Fighting.
1:32 of 2nd period - Penalty to Adam Helewka for Fighting.
1:33 of 2nd period - Mitchell Stephens wins face-off versus Dylan Gambrell in neutral zone.
1:38 of 2nd period - Wrist shot by Mitchell Stephens.
1:38 of 2nd period - Goal by Mitchell Stephens - Chicago Wolves : 1 - Boisbriand Armada : 6.
1:39 of 2nd period - Dylan Gambrell wins face-off versus Mitchell Stephens in neutral zone.
1:41 of 2nd period - Off-side.
1:42 of 2nd period - Dylan Gambrell wins face-off versus Mitchell Stephens in neutral zone.
2:47 of 2nd period - Xavier Ouellet is hit by Cavan Fitzgerald and loses puck.
3:14 of 2nd period - Andrew Oglevie is hit by Julien Gauthier and loses puck.
3:49 of 2nd period - Snap shot by Adam Johnson.
3:49 of 2nd period - Shot Misses the Net.
3:51 of 2nd period - Slapshot by William Lockwood.
3:51 of 2nd period - Shot Misses the Net.
3:53 of 2nd period - Slapshot by Josh Brook.
3:53 of 2nd period - Shot Blocked by Darren Raddysh.
4:14 of 2nd period - Off-side.
4:15 of 2nd period - Henry Bowlby wins face-off versus Cody McLeod in neutral zone.
4:28 of 2nd period - Donovan Sebrango is hit by Cody McLeod.
4:32 of 2nd period - Donovan Sebrango is hit by Buddy Robinson and loses puck.
4:36 of 2nd period - Icing by Casey Fitzgerald.
4:37 of 2nd period - Henry Bowlby wins face-off versus Mitchell Stephens in Boisbriand Armada zone.
5:06 of 2nd period - Snap shot by Adam Johnson.
5:06 of 2nd period - Stopped by Michael DiPietro without a rebound.
5:07 of 2nd period - Mason Primeau wins face-off versus William Lockwood in Boisbriand Armada zone.
5:12 of 2nd period - Snap shot by Buddy Robinson.
5:12 of 2nd period - Deflect By Xavier Ouellet.
5:12 of 2nd period - Shot Misses the Net.
5:12 of 2nd period - Puck is out of play.
5:13 of 2nd period - Mason Primeau wins face-off versus Buddy Robinson in Boisbriand Armada zone.
6:06 of 2nd period - Backhand shot by Hudson Fasching.
6:06 of 2nd period - Stopped by Michael DiPietro with a rebound.
6:18 of 2nd period - Calle Rosen is hit by Dominik Bokk and loses puck.
7:15 of 2nd period - Casey Fitzgerald is hit by Cole Smith and loses puck.
7:53 of 2nd period - Slapshot by Vitaly Kravtsov.
7:53 of 2nd period - Stopped by Michael DiPietro without a rebound.
7:54 of 2nd period - Morgan Frost wins face-off versus William Lockwood in Boisbriand Armada zone.
8:19 of 2nd period - Pierre-Olivier Joseph is hit by Kevin Czuczman and loses puck.
8:28 of 2nd period - Snap shot by Adam Helewka.
8:28 of 2nd period - Shot Hit the Post.
8:37 of 2nd period - Icing by Peyton Krebs.
8:38 of 2nd period - Mitchell Stephens wins face-off versus Dylan Gambrell in Boisbriand Armada zone.
8:53 of 2nd period - Wrist shot by Julien Gauthier.
8:53 of 2nd period - Stopped by Unknown Goalie with a rebound.
9:11 of 2nd period - Backhand shot by Tyson Foerster.
9:11 of 2nd period - Stopped by Michael DiPietro with a rebound.
9:23 of 2nd period - Mitchell Stephens is hit by Darren Raddysh and loses puck.
9:30 of 2nd period - Slapshot by Anthony Richard.
9:30 of 2nd period - Deflect By Morgan Frost.
9:30 of 2nd period - Goal by Morgan Frost - Chicago Wolves : 1 - Boisbriand Armada : 7.
9:31 of 2nd period - Dylan Gambrell wins face-off versus Mitchell Stephens in neutral zone.
9:37 of 2nd period - Xavier Ouellet and Adam Johnson fight to a draw.
9:37 of 2nd period - Penalty to Xavier Ouellet for Fighting.
9:37 of 2nd period - Penalty to Adam Johnson for Fighting.
9:38 of 2nd period - Mitchell Stephens wins face-off versus Dylan Gambrell in neutral zone.
9:51 of 2nd period - Donovan Sebrango is hit by Mitchell Stephens and loses puck.
10:12 of 2nd period - Wrist shot by Tyson Foerster.
10:12 of 2nd period - Deflect By Josh Melnick.
10:12 of 2nd period - Stopped by Michael DiPietro without a rebound.
10:13 of 2nd period - Peyton Krebs wins face-off versus Tyson Foerster in Boisbriand Armada zone.
10:45 of 2nd period - Snap shot by Vitaly Kravtsov.
10:45 of 2nd period - Shot Blocked by Pierre-Olivier Joseph.
10:47 of 2nd period - Slapshot by Mitchell Stephens.
10:47 of 2nd period - Stopped by Michael DiPietro without a rebound.
10:48 of 2nd period - Dylan Gambrell wins face-off versus Tyson Foerster in Boisbriand Armada zone.
11:18 of 2nd period - Calle Rosen is hit by Darren Raddysh and loses puck.
11:31 of 2nd period - Anthony Richard is hit by Vitaly Kravtsov and loses puck.
11:54 of 2nd period - Wrist shot by Peyton Krebs.
11:54 of 2nd period - Stopped by Unknown Goalie with a rebound.
12:00 of 2nd period - Minor Penalty to Josh Brook for Cross-checking.
12:01 of 2nd period - Dylan Gambrell wins face-off versus Mitchell Stephens in Chicago Wolves zone.
12:10 of 2nd period - Wrist shot by Julien Gauthier.
12:10 of 2nd period - Goal by Julien Gauthier - Chicago Wolves : 1 - Boisbriand Armada : 8.
12:10 of 2nd period - Kyle Keyser enters game.
12:11 of 2nd period - William Lockwood wins face-off versus Julien Gauthier in neutral zone.
12:14 of 2nd period - Slapshot by Calle Rosen.
12:14 of 2nd period - Shot Blocked by Pierre-Olivier Joseph.
12:16 of 2nd period - Snap shot by Vitaly Kravtsov.
12:16 of 2nd period - Shot Misses the Net.
12:18 of 2nd period - Snap shot by William Lockwood.
12:18 of 2nd period - Stopped by Michael DiPietro with a rebound.
12:38 of 2nd period - Adam Helewka is hit by Peyton Krebs and loses puck.
13:16 of 2nd period - Icing by Wyatte Wylie.
13:17 of 2nd period - Tyson Foerster wins face-off versus Morgan Frost in Boisbriand Armada zone.
13:18 of 2nd period - Snap shot by Cole Smith.
13:18 of 2nd period - Shot Misses the Net.
13:26 of 2nd period - Mitchell Stephens is hit by Otto Koivula and loses puck.
13:33 of 2nd period - Snap shot by Anthony Richard.
13:33 of 2nd period - Stopped by Kyle Keyser with a rebound.
13:35 of 2nd period - Snap shot by Darren Raddysh.
13:35 of 2nd period - Shot Blocked by Kevin Czuczman.
13:37 of 2nd period - Snap shot by Morgan Frost.
13:37 of 2nd period - Goal by Morgan Frost - Chicago Wolves : 1 - Boisbriand Armada : 9.
13:38 of 2nd period - Dylan Gambrell wins face-off versus Mitchell Stephens in neutral zone.
13:43 of 2nd period - Mitchell Stephens is hit by Pavel Gogolev and loses puck.
14:08 of 2nd period - Slapshot by Buddy Robinson.
14:08 of 2nd period - Shot Blocked by Wyatte Wylie.
14:30 of 2nd period - Andrew Oglevie is hit by Morgan Frost and loses puck.
15:00 of 2nd period - Wes Michaud is hit by Simon Benoit and loses puck.
15:19 of 2nd period - Mitchell Stephens is hit by Josh Melnick and loses puck.
16:02 of 2nd period - Darren Raddysh is hit by Kevin Czuczman and loses puck.
16:11 of 2nd period - Slapshot by Adam Helewka.
16:11 of 2nd period - Deflect By Buddy Robinson.
16:11 of 2nd period - Stopped by Michael DiPietro with a rebound.
16:21 of 2nd period - Dominik Bokk is hit by Adam Johnson and loses puck.
16:58 of 2nd period - Snap shot by Julien Gauthier.
16:58 of 2nd period - Deflect By Vitaly Kravtsov.
16:58 of 2nd period - Shot Hit the Post.
16:58 of 2nd period - Puck is out of play.
16:59 of 2nd period - Mitchell Stephens wins face-off versus Dylan Gambrell in Chicago Wolves zone.
16:59 of 2nd period - Mitchell Stephens is hit by Dylan Gambrell.
17:41 of 2nd period - Cavan Fitzgerald is hit by Dominik Bokk and loses puck.
18:16 of 2nd period - Kevin Czuczman is hit by Anthony Richard and loses puck.
18:23 of 2nd period - Snap shot by Calle Rosen.
18:23 of 2nd period - Stopped by Michael DiPietro with a rebound.
18:25 of 2nd period - Slapshot by Doyle Somerby.
18:25 of 2nd period - Shot Misses the Net.
18:39 of 2nd period - Wrist shot by Daniel Carr.
18:39 of 2nd period - Stopped by Michael DiPietro without a rebound.
18:40 of 2nd period - Adam Helewka wins face-off versus Henry Bowlby in Boisbriand Armada zone.
Goals for this period are 1 for Chicago Wolves vs 4 for Boisbriand Armada.
Shots for this period are 11 for Chicago Wolves vs 12 for Boisbriand Armada.

3rd period


0:01 of 3rd period - Dylan Gambrell wins face-off versus Adam Johnson in neutral zone.
0:04 of 3rd period - Slapshot by Pierre-Olivier Joseph.
0:04 of 3rd period - Shot Misses the Net.
0:06 of 3rd period - Slapshot by Pavel Gogolev.
0:06 of 3rd period - Shot Misses the Net.
0:08 of 3rd period - Wrist shot by Pavel Gogolev.
0:08 of 3rd period - Shot Blocked by Calle Rosen.
0:10 of 3rd period - Snap shot by Xavier Ouellet.
0:10 of 3rd period - Stopped by Kyle Keyser with a rebound.
0:12 of 3rd period - Slapshot by Pierre-Olivier Joseph.
0:12 of 3rd period - Deflect By Pavel Gogolev.
0:12 of 3rd period - Stopped by Kyle Keyser with a rebound.
0:14 of 3rd period - Slapshot by Xavier Ouellet.
0:14 of 3rd period - Deflect By Adam Johnson.
0:14 of 3rd period - Stopped by Kyle Keyser with a rebound.
0:16 of 3rd period - Slapshot by Xavier Ouellet.
0:16 of 3rd period - Stopped by Kyle Keyser without a rebound.
0:17 of 3rd period - Peyton Krebs wins face-off versus Tyson Foerster in Chicago Wolves zone.
0:18 of 3rd period - Snap shot by Dominik Bokk.
0:18 of 3rd period - Shot Misses the Net.
0:20 of 3rd period - Snap shot by Pierre-Olivier Joseph.
0:20 of 3rd period - Shot Blocked by Adam Helewka.
0:22 of 3rd period - Slapshot by Xavier Ouellet.
0:22 of 3rd period - Shot Blocked by Doyle Somerby.
0:24 of 3rd period - Slapshot by Pierre-Olivier Joseph.
0:24 of 3rd period - Shot Blocked by Doyle Somerby.
0:26 of 3rd period - Slapshot by Xavier Ouellet.
0:26 of 3rd period - Stopped by Kyle Keyser without a rebound.
0:27 of 3rd period - Tyson Foerster wins face-off versus Dominik Bokk in Chicago Wolves zone.
0:35 of 3rd period - Icing by Adam Helewka.
0:36 of 3rd period - Tyson Foerster wins face-off versus Dylan Gambrell in Chicago Wolves zone.
1:26 of 3rd period - Wrist shot by Otto Koivula.
1:26 of 3rd period - Stopped by Kyle Keyser with a rebound.
1:28 of 3rd period - Wrist shot by Otto Koivula.
1:28 of 3rd period - Stopped by Kyle Keyser with a rebound.
1:56 of 3rd period - Josh Brook is hit by Peyton Krebs and loses puck.
2:22 of 3rd period - Icing by Vitaly Kravtsov.
2:23 of 3rd period - Morgan Frost wins face-off versus William Lockwood in Chicago Wolves zone.
2:32 of 3rd period - Wrist shot by Otto Koivula.
2:32 of 3rd period - Shot Blocked by Josh Brook.
2:34 of 3rd period - Wrist shot by Anthony Richard.
2:34 of 3rd period - Stopped by Kyle Keyser without a rebound.
2:35 of 3rd period - Dylan Gambrell wins face-off versus Mitchell Stephens in Chicago Wolves zone.
2:36 of 3rd period - Snap shot by Pavel Gogolev.
2:36 of 3rd period - Shot Blocked by Adam Johnson.
3:09 of 3rd period - Slapshot by Tyson Foerster.
3:09 of 3rd period - Stopped by Michael DiPietro with a rebound.
3:11 of 3rd period - Snap shot by Cavan Fitzgerald.
3:11 of 3rd period - Deflect By Tyson Foerster.
3:11 of 3rd period - Shot Misses the Net.
3:11 of 3rd period - Puck is out of play.
3:12 of 3rd period - Dylan Gambrell wins face-off versus Tyson Foerster in Boisbriand Armada zone.
4:12 of 3rd period - Wrist shot by Morgan Frost.
4:12 of 3rd period - Shot Misses the Net.
4:26 of 3rd period - Snap shot by Dylan Gambrell.
4:26 of 3rd period - Shot Blocked by Calle Rosen.
4:44 of 3rd period - Wrist shot by Dominik Bokk.
4:44 of 3rd period - Shot Misses the Net.
4:46 of 3rd period - Slapshot by Wyatte Wylie.
4:46 of 3rd period - Stopped by Kyle Keyser without a rebound.
4:47 of 3rd period - Peyton Krebs wins face-off versus Tyson Foerster in Chicago Wolves zone.
4:52 of 3rd period - Wrist shot by Peyton Krebs.
4:52 of 3rd period - Stopped by Kyle Keyser with a rebound.
4:54 of 3rd period - Snap shot by Wyatte Wylie.
4:54 of 3rd period - Shot Blocked by Buddy Robinson.
4:56 of 3rd period - Slapshot by Darren Raddysh.
4:56 of 3rd period - Deflect By Peyton Krebs.
4:56 of 3rd period - Shot Blocked by Buddy Robinson.
4:56 of 3rd period - Puck is out of play.
4:57 of 3rd period - Dylan Gambrell wins face-off versus Tyson Foerster in Chicago Wolves zone.
5:12 of 3rd period - Snap shot by Dylan Gambrell.
5:12 of 3rd period - Stopped by Kyle Keyser without a rebound.
5:13 of 3rd period - Peyton Krebs wins face-off versus Mitchell Stephens in Chicago Wolves zone.
5:17 of 3rd period - Josh Melnick and Adam Johnson fight to a draw.
5:17 of 3rd period - Penalty to Josh Melnick for Fighting.
5:17 of 3rd period - Penalty to Adam Johnson for Fighting.
5:18 of 3rd period - Dylan Gambrell wins face-off versus Mitchell Stephens in neutral zone.
5:50 of 3rd period - Adam Helewka is hit by Dominik Bokk and loses puck.
6:05 of 3rd period - Josh Brook is hit by Anthony Richard and loses puck.
6:57 of 3rd period - Slapshot by Calle Rosen.
6:57 of 3rd period - Stopped by Michael DiPietro with a rebound.
6:59 of 3rd period - Slapshot by Calle Rosen.
6:59 of 3rd period - Stopped by Michael DiPietro with a rebound.
7:09 of 3rd period - Julien Gauthier is hit by Calle Rosen and loses puck.
7:50 of 3rd period - Snap shot by Peyton Krebs.
7:50 of 3rd period - Shot Blocked by Daniel Carr.
7:52 of 3rd period - Slapshot by Pierre-Olivier Joseph.
7:52 of 3rd period - Shot Misses the Net.
8:16 of 3rd period - Wrist shot by William Lockwood.
8:16 of 3rd period - Stopped by Michael DiPietro with a rebound.
8:28 of 3rd period - Snap shot by Dominik Bokk.
8:28 of 3rd period - Stopped by Kyle Keyser without a rebound.
8:29 of 3rd period - Cody McLeod wins face-off versus Peyton Krebs in Chicago Wolves zone.
8:33 of 3rd period - Darren Raddysh and Josh Brook fight to a draw.
8:33 of 3rd period - Penalty to Darren Raddysh for Fighting.
8:33 of 3rd period - Penalty to Josh Brook for Fighting.
8:34 of 3rd period - Mitchell Stephens wins face-off versus Dylan Gambrell in Boisbriand Armada zone.
8:35 of 3rd period - Snap shot by Vitaly Kravtsov.
8:35 of 3rd period - Stopped by Michael DiPietro with a rebound.
8:37 of 3rd period - Slapshot by Calle Rosen.
8:37 of 3rd period - Deflect By Pavel Gogolev.
8:37 of 3rd period - Stopped by Michael DiPietro with a rebound.
8:39 of 3rd period - Wrist shot by Vitaly Kravtsov.
8:39 of 3rd period - Goal by Vitaly Kravtsov - Chicago Wolves : 2 - Boisbriand Armada : 9.
8:40 of 3rd period - William Lockwood wins face-off versus Dylan Gambrell in neutral zone.
9:12 of 3rd period - Pierre-Olivier Joseph is hit by Kevin Czuczman.
9:26 of 3rd period - Wrist shot by Morgan Frost.
9:26 of 3rd period - Stopped by Kyle Keyser with a rebound.
9:28 of 3rd period - Snap shot by Anthony Richard.
9:28 of 3rd period - Stopped by Kyle Keyser without a rebound.
9:29 of 3rd period - Morgan Frost wins face-off versus Mitchell Stephens in Chicago Wolves zone.
9:35 of 3rd period - Minor Penalty to Morgan Frost for Hooking.
9:36 of 3rd period - Dylan Gambrell wins face-off versus Mitchell Stephens in Boisbriand Armada zone.
9:44 of 3rd period - Wrist shot by Mitchell Stephens.
9:44 of 3rd period - Stopped by Michael DiPietro with a rebound.
9:46 of 3rd period - Wrist shot by Mitchell Stephens.
9:46 of 3rd period - Stopped by Michael DiPietro without a rebound.
9:47 of 3rd period - Mitchell Stephens wins face-off versus Pavel Gogolev in Boisbriand Armada zone.
9:50 of 3rd period - Slapshot by Vitaly Kravtsov.
9:50 of 3rd period - Shot Hit the Post.
10:17 of 3rd period - Penalty to Josh Melnick is over, Josh Melnick is back on ice.
10:40 of 3rd period - Snap shot by Mitchell Stephens.
10:40 of 3rd period - Shot Misses the Net.
11:35 of 3rd period - Penalty to Morgan Frost is over, Morgan Frost is back on ice.
11:59 of 3rd period - Snap shot by Hudson Fasching.
11:59 of 3rd period - Shot Misses the Net.
12:23 of 3rd period - Slapshot by Henry Bowlby.
12:23 of 3rd period - Shot Misses the Net.
12:25 of 3rd period - Snap shot by Casey Fitzgerald.
12:25 of 3rd period - Shot Blocked by Kevin Czuczman.
12:26 of 3rd period - Casey Fitzgerald and Kevin Czuczman fight to a draw.
12:26 of 3rd period - Penalty to Casey Fitzgerald for Fighting.
12:26 of 3rd period - Penalty to Kevin Czuczman for Fighting.
12:27 of 3rd period - Mitchell Stephens wins face-off versus Dylan Gambrell in Chicago Wolves zone.
13:01 of 3rd period - Icing by Simon Benoit.
13:02 of 3rd period - Tyson Foerster wins face-off versus Peyton Krebs in Chicago Wolves zone.
13:09 of 3rd period - Slapshot by Adam Helewka.
13:09 of 3rd period - Stopped by Michael DiPietro without a rebound.
13:10 of 3rd period - Mitchell Stephens wins face-off versus Dylan Gambrell in Boisbriand Armada zone.
13:11 of 3rd period - Wrist shot by Vitaly Kravtsov.
13:11 of 3rd period - Stopped by Michael DiPietro without a rebound.
13:11 of 3rd period - Xavier Ouellet and Mitchell Stephens fight to a draw.
13:11 of 3rd period - Penalty to Xavier Ouellet for Fighting.
13:11 of 3rd period - Penalty to Mitchell Stephens for Fighting.
13:11 of 3rd period - Penalty to Xavier Ouellet for instigated a fight.
13:11 of 3rd period - Penalty to Xavier Ouellet for instigated a fight.
13:12 of 3rd period - Dylan Gambrell wins face-off versus Vitaly Kravtsov in Boisbriand Armada zone.
13:23 of 3rd period - Slapshot by Doyle Somerby.
13:23 of 3rd period - Stopped by Michael DiPietro with a rebound.
13:25 of 3rd period - Snap shot by Vitaly Kravtsov.
13:25 of 3rd period - Stopped by Michael DiPietro without a rebound.
13:26 of 3rd period - William Lockwood wins face-off versus Dylan Gambrell in Boisbriand Armada zone.
13:33 of 3rd period - Penalty to Darren Raddysh is over, Darren Raddysh is back on ice.
13:37 of 3rd period - Snap shot by Adam Johnson.
13:37 of 3rd period - Deflect By Vitaly Kravtsov.
13:37 of 3rd period - Stopped by Michael DiPietro with a rebound.
13:59 of 3rd period - Snap shot by Buddy Robinson.
13:59 of 3rd period - Shot Blocked by Pierre-Olivier Joseph.
14:01 of 3rd period - Wrist shot by Adam Helewka.
14:01 of 3rd period - Deflect By Buddy Robinson.
14:01 of 3rd period - Shot Blocked by Dylan Gambrell.
14:01 of 3rd period - Puck is out of play.
14:02 of 3rd period - Tyson Foerster wins face-off versus Dylan Gambrell in Boisbriand Armada zone.
15:11 of 3rd period - Penalty to Xavier Ouellet is over, Anthony Richard is send on ice.
15:11 of 3rd period - Wyatte Wylie is hit by Adam Johnson and loses puck.
15:42 of 3rd period - Snap shot by Hudson Fasching.
15:42 of 3rd period - Stopped by Michael DiPietro without a rebound.
15:43 of 3rd period - Tyson Foerster wins face-off versus Peyton Krebs in Boisbriand Armada zone.
15:44 of 3rd period - Snap shot by Hudson Fasching.
15:44 of 3rd period - Stopped by Michael DiPietro with a rebound.
16:20 of 3rd period - Minor Penalty to Ian McCoshen for Tripping.
16:21 of 3rd period - Andrew Oglevie wins face-off versus Peyton Krebs in Chicago Wolves zone.
16:39 of 3rd period - Simon Benoit is hit by Pierre-Olivier Joseph and loses puck.
17:00 of 3rd period - Tyson Foerster is hit by Dylan Gambrell and loses puck.
17:26 of 3rd period - Penalty to Kevin Czuczman is over, Kevin Czuczman is back on ice.
17:57 of 3rd period - Donovan Sebrango is hit by Cody McLeod and loses puck.
18:11 of 3rd period - Penalty to Mitchell Stephens is over, Mitchell Stephens is back on ice.
18:20 of 3rd period - Penalty to Ian McCoshen is over, Ian McCoshen is back on ice.
18:21 of 3rd period - Slapshot by Otto Koivula.
18:21 of 3rd period - Deflect By Morgan Frost.
18:21 of 3rd period - Stopped by Kyle Keyser without a rebound.
18:22 of 3rd period - Mason Primeau wins face-off versus Adam Johnson in Chicago Wolves zone.
18:25 of 3rd period - Wrist shot by Morgan Frost.
18:25 of 3rd period - Goal by Morgan Frost - Chicago Wolves : 2 - Boisbriand Armada : 10.
18:26 of 3rd period - Dylan Gambrell wins face-off versus Mitchell Stephens in neutral zone.
18:45 of 3rd period - Vitaly Kravtsov is hit by Donovan Sebrango and loses puck.
19:01 of 3rd period - Icing by Calle Rosen.
19:02 of 3rd period - Mitchell Stephens wins face-off versus Morgan Frost in Chicago Wolves zone.
19:27 of 3rd period - Snap shot by Vitaly Kravtsov.
19:27 of 3rd period - Shot Blocked by Wyatte Wylie.
19:55 of 3rd period - Snap shot by Otto Koivula.
19:55 of 3rd period - Stopped by Kyle Keyser without a rebound.
19:56 of 3rd period - Dylan Gambrell wins face-off versus Tyson Foerster in Chicago Wolves zone.
19:59 of 3rd period - Wrist shot by Julien Gauthier.
19:59 of 3rd period - Stopped by Kyle Keyser with a rebound.
Goals for this period are 1 for Chicago Wolves vs 1 for Boisbriand Armada.
Shots for this period are 16 for Chicago Wolves vs 18 for Boisbriand Armada. Output by the SimonT Hockey Simulator (STHS) for Eric Tremblay - Original Page W3C HTML5 Valid
Hockey Simulator - Hockey Simulation - Hockey Manager